 Dungeon Crawl Stone Soup version 0.30.0-19-g36f170ea60 (webtiles) character file.

Game seed: 15315491301053343660

1110 croobank the Firebug (level 8, -1/58 HPs)
             Began as a Gnoll Fire Elementalist on May 30, 2023.
             Was a Believer of Sif Muna.
             Slain by a bullfrog (3 damage)
             ... on level 4 of the Dungeon.
             The game lasted 00:15:01 (4193 turns).

croobank the Firebug (Gnoll Fire Elementalist)      Turns: 4193, Time: 00:15:01

Health: -1/58      AC:  4    Str:  9    XL:     8   Next: 33%
Magic:  14/17      EV: 14    Int: 16    God:    Sif Muna [**....]
Gold:   123        SH:  0    Dex: 12    Spells: 16/19 levels left

rFire   . . .        a - +0 short sword
rCold   . . .        (no shield)
rNeg    . . .        e - +0 robe
rPois   .            r - +2 hat
rElec   .            (no cloak)
rCorr   .            (no gloves)
SInv    .            (no boots)
Will    .....        (no amulet)
Stlth   +++          (no ring)
HPRegen 0.29/turn    (no ring)
MPRegen 0.15/turn

%: no passive effects
@: no status effects
A: fangs 1, strong nose, distributed training
a: Renounce Religion, Channel Magic


You were on level 4 of the Dungeon.
You worshipped Sif Muna.
Sif Muna was pleased with you.
You visited 1 branch of the dungeon, and saw 4 of its levels.

You collected 123 gold pieces.

Inventory:

Hand Weapons
 a - a +0 short sword (weapon)
 b - a +1 sling of electrocution
 g - a +0 dagger
 i - a +0 trident
 o - a +0 morningstar
Missiles
 c - 3 javelins
 d - 3 boomerangs
 h - 3 poisoned darts
Armour
 e - a +0 robe (worn)
 f - a +0 leather armour
 k - a +0 ring mail
 r - a +2 hat (worn)
Magical Staves
 m - a staff of earth
Scrolls
 p - a scroll of enchant armour {unknown}
Potions
 j - 3 potions of haste
 l - 2 potions of magic
 s - a potion of brilliance {unknown}


   Skills:
 + Level 3.3 Fighting
 + Level 3.3 Short Blades
 + Level 3.3 Long Blades
 + Level 3.3 Axes
 + Level 3.3 Maces & Flails
 + Level 3.3 Polearms
 + Level 3.3 Staves
 + Level 3.3 Ranged Weapons
 + Level 3.3 Throwing
 + Level 3.3 Armour
 + Level 5.7 Dodging
 + Level 5.4 Stealth
 + Level 3.3 Shields
 + Level 3.3 Unarmed Combat
 + Level 6.0 Spellcasting
 + Level 3.5 Conjurations
 + Level 2.7 Hexes
 + Level 2.7 Summonings
 + Level 2.7 Necromancy
 + Level 2.7 Translocations
 + Level 2.7 Transmutations
 + Level 6.1 Fire Magic
 + Level 2.7 Ice Magic
 + Level 2.7 Air Magic
 + Level 2.7 Earth Magic
 + Level 2.7 Poison Magic
 + Level 3.6 Invocations
 + Level 3.3 Evocations


You had 16 spell levels left.
You knew the following spells:

 Your Spells              Type           Power      Damage    Failure   Level
a - Foxfire               Conj/Fire      80%        2x1d8     1%          1
b - Scorch                Fire           48%        2d7       1%          2

Your spell library contained the following spells:

 Spells                   Type           Power      Damage    Failure   Level
 Inner Flame              Hex/Fire       19%        N/A       7%          3
 Volatile Blastmotes      Fire/Tloc      38%        2d13      7%          3
 Flame Wave               Conj/Fire      20%        2d7       19%         4
 Simulacrum               Ice/Necr       6%         N/A       100%        6
 Ozocubu's Refrigeration  Ice            6%         4d8       100%        7
 Polar Vortex             Ice            6%         N/A       100%        9


Dungeon Overview and Level Annotations

Branches:
Dungeon (4/15)             Temple (0/1) D:4

Altars:
Hepliaklqana
Sif Muna

Annotations:
D:3 1 runed translucent door, Crazy Yiuf


Innate Abilities, Weirdness & Mutations

You have very sharp teeth.
Your uncanny sense of smell can sniff out nearby items.
Your experience applies equally to all skills.


Message History

The hound's fire resistance burns away.
You hear a shout!
The hound bites you but does no damage. The goblin barely misses you.
The hound bites you but does no damage.
You hit the goblin.
The goblin is almost dead.
The hound bites you but does no damage.
A goblin comes into view. It is wielding a +0 club.
The goblin barely misses you.
Casting: Scorch (safe; 1% risk of failure)
Confirm with . or Enter, or press ? or * to list all spells.
Flames lash the hound.
The hound is burned terribly!
You kill the hound!
Sif Muna accepts your kill. The goblin barely misses you.
You hit the goblin but do no damage.
The goblin is almost dead.
The bullfrog hits you. The bullfrog misses you.
You hit the goblin.
You kill the goblin!
Sif Muna accepts your kill. The bullfrog hits you.
The goblin closely misses you. The bullfrog hits you!
* * * LOW HITPOINT WARNING * * *
Items here: ))))))))) [[[[ ††††.
The bullfrog attacks as you move away! The bullfrog hits you.
* * * LOW HITPOINT WARNING * * *
The goblin misses you.
You hit the goblin.
The goblin is heavily wounded.
The bullfrog hits you!
* * * LOW HITPOINT WARNING * * *
The goblin barely misses you.
You hit the goblin.
The goblin is severely wounded.
The bullfrog hits you but does no damage.
The goblin hits you with a +0 club.
* * * LOW HITPOINT WARNING * * *
The bullfrog hits you.
You die...

##....#...#).# ...#8.>.8#.
#)...#.. ..# ### .#.........
##'########### ... ####.8.##.
#.Oo.†#......# #.# #...# .
#.....#......# #.#. #.# ###.#
#.....#......# #.#.###.# #.#
#...§.#......# #.#..##.# ##'##
#)....'......###.##>##.# ##...##
#######......oOF@##.##.# ##.....#
# ##.##########g##.##.###.......
####........####)......##........
)..............<).....).'........
####........######...####........
# ##.#.....# ##.## ##.......
###..>..# #.# ##.....# #....##
#)# ##...## #.#### ####.# ##'##


You could see an orc warrior, an ogre, a bullfrog and a goblin.

Vanquished Creatures
  Sigmund (D:2)
  A wyvern (D:4)
  Pargi (D:4)
  An ice beast (D:4)
  A black bear (D:4)
  An ogre (D:4)
  A howler monkey (D:4)
  A hound (D:4)
  2 orc priests (D:3)
  3 orc wizards
  Natasha (thrice) (D:3)
  Robin (D:4)
  4 adders
  3 dart slugs
  14 orcs
  12 endoplasms
  5 giant cockroaches
  15 goblins
  9 hobgoblins
  3 quokkas
  7 ball pythons
  7 bats
  6 frilled lizards
  8 kobolds
  2 rats (D:1)
112 creatures vanquished.

Vanquished Creatures (others)
  159 foxfires
159 creatures vanquished.

Grand Total: 271 creatures vanquished

Notes
Turn   | Place    | Note
-------+----------+-------------------------------------------
     0 | D:1      | croobank the Gnoll Fire Elementalist began the quest for
                  | the Orb.
     0 | D:1      | Reached XP level 1. HP: 13/13 MP: 6/6
   214 | D:1      | Reached XP level 2. HP: 20/20 MP: 2/7
   517 | D:1      | Learned a level 2 spell: Scorch
   667 | D:1      | Reached skill level 5 in Spellcasting
   667 | D:1      | Reached XP level 3. HP: 25/25 MP: 4/9
  1087 | D:2      | Reached skill level 1 in Invocations
  1229 | D:2      | Noticed Sigmund
  1234 | D:2      | Killed Sigmund
  1235 | D:2      | Reached skill level 1 in Fighting
  1235 | D:2      | Reached skill level 1 in Short Blades
  1235 | D:2      | Reached skill level 1 in Long Blades
  1235 | D:2      | Reached skill level 1 in Axes
  1235 | D:2      | Reached skill level 1 in Maces & Flails
  1235 | D:2      | Reached skill level 1 in Polearms
  1235 | D:2      | Reached skill level 1 in Staves
  1235 | D:2      | Reached skill level 1 in Ranged Weapons
  1235 | D:2      | Reached skill level 1 in Throwing
  1235 | D:2      | Reached skill level 1 in Armour
  1235 | D:2      | Reached skill level 1 in Shields
  1235 | D:2      | Reached skill level 1 in Unarmed Combat
  1235 | D:2      | Reached skill level 1 in Hexes
  1235 | D:2      | Reached skill level 1 in Summonings
  1235 | D:2      | Reached skill level 1 in Necromancy
  1235 | D:2      | Reached skill level 1 in Translocations
  1235 | D:2      | Reached skill level 1 in Transmutations
  1235 | D:2      | Reached skill level 1 in Ice Magic
  1235 | D:2      | Reached skill level 1 in Air Magic
  1235 | D:2      | Reached skill level 1 in Earth Magic
  1235 | D:2      | Reached skill level 1 in Poison Magic
  1235 | D:2      | Reached skill level 1 in Evocations
  1235 | D:2      | Reached XP level 4. HP: 33/33 MP: 3/11
  1235 | D:2      | Reached XP level 5. HP: 38/38 MP: 3/12
  1829 | D:3      | Reached XP level 6. HP: 44/44 MP: 2/14
  1948 | D:3      | Reached skill level 5 in Dodging
  1995 | D:3      | Found a runed translucent door.
  1996 | D:3      | Noticed Crazy Yiuf
  2233 | D:3      | Noticed Natasha
  2235 | D:3      | Killed Natasha
  2401 | D:3      | Noticed Natasha
  2413 | D:3      | Killed Natasha
  2418 | D:3      | Noticed Natasha
  2421 | D:3      | Killed Natasha
  2422 | D:3      | Reached XP level 7. HP: 50/50 MP: 0/15
  2647 | D:3      | Found a faded altar of an unknown god.
  2661 | D:3      | Prayed at the altar of an unknown god.
  2661 | D:3      | Became a worshipper of Sif Muna the Loreminder
  2661 | D:3      | Reached * piety under Sif Muna
  2997 | D:3      | Found a hazy altar of Hepliaklqana.
  3397 | D:4      | Reached skill level 5 in Stealth
  3561 | D:4      | Noticed Pargi
  3561 | D:4      | Noticed Robin
  3804 | D:4      | Found a staircase to the Ecumenical Temple.
  3814 | D:4      | Killed Pargi
  3815 | D:4      | Reached XP level 8. HP: 55/58 MP: 4/16
  3941 | D:4      | Noticed a wyvern
  3950 | D:4      | Killed a wyvern
  4163 | D:4      | Killed Robin
  4163 | D:4      | Reached ** piety under Sif Muna
  4193 | D:4      | HP: 2/58 [goblin/+0 club (3)]
  4193 | D:4      | Slain by a bullfrog

Illustrated notes

Levels and vault maps discovered:
D:1:      lordsloth_arrival_two_stooges, layout_loops_ring, st_stairs_3
D:2:      layout_loops_ring, uniq_sigmund
D:3:      layout_loops_ring, worldfamousw_hep_ancestral_shrine,
          ebering_ecumenical_altar_abandoned, serial_park_tiny_2, uniq_natasha,
          uniq_crazy_yiuf_cottage
D:4:      minmay_clustersquares, layout_loops_corners,
          minmay_temple_entry_statues_pillars, uniq_pargi, uniq_robin,
          uniq_edmund

Skill      XL: |  1  2  3  4  5  6  7  8 |
---------------+-------------------------+-----
Conjurations   | 2 3 |  3.5
Spellcasting   | 5 6 |  6.0
Invocations    | 1 2 3 |  3.6
Fighting       | 1 2 3 |  3.3
Short Blades   | 1 2 3 |  3.3
Long Blades    | 1 2 3 |  3.3
Axes           | 1 2 3 |  3.3
Maces & Flails | 1 2 3 |  3.3
Polearms       | 1 2 3 |  3.3
Staves         | 1 2 3 |  3.3
Ranged Weapons | 1 2 3 |  3.3
Throwing       | 1 2 3 |  3.3
Armour         | 1 2 3 |  3.3
Shields        | 1 2 3 |  3.3
Unarmed Combat | 1 2 3 |  3.3
Hexes          | 1 2 |  2.7
Summonings     | 1 2 |  2.7
Necromancy     | 1 2 |  2.7
Translocations | 1 2 |  2.7
Transmutations | 1 2 |  2.7
Ice Magic      | 1 2 |  2.7
Air Magic      | 1 2 |  2.7
Earth Magic    | 1 2 |  2.7
Poison Magic   | 1 2 |  2.7
Evocations     | 1 2 3 |  3.3
Dodging        | 5 |  5.7
Stealth        | 5 |  5.4
Fire Magic     | 6 |  6.1

Action                     |  1- 3 |  4- 6 |  7- 9 || total
---------------------------+-------+-------+-------++-------
  Melee: Short sword       |    12 |    22 |    60 ||    94
         Unarmed           |     2 |       |       ||     2
         Bite              |       |     1 |     6 ||     7
         Punch             |       |     1 |       ||     1
   Cast: Foxfire           |    44 |    20 |    30 ||    94
         Scorch            |     6 |    30 |    41 ||    77
 Invoke: Channel Magic     |       |       |     1 ||     1
    Use: Scroll            |       |     4 |     1 ||     5
         Potion            |       |       |     4 ||     4
   Stab: Sleeping          |     2 |     2 |     6 ||    10
 Armour: Robe              |     2 |     4 |    28 ||    34
  Dodge: Dodged            |    14 |    18 |    81 ||   113
